 Dungeon Sprint DCSS version 0.22-a0-393-g7f50228948 (webtiles) character file.

22812 Hephaistos the Swashbuckler (level 12, -3/70 HPs)
             Began as a Spriggan Berserker on May 3, 2018.
             Was the Champion of Trog.
             Slain by a naga warrior
             ... wielding a +0 scimitar
              (16 damage)
             ... in the Dungeon (Sprint IX: "|||||||||||||||||||||||||||||").
             The game lasted 00:07:53 (2594 turns).

Hephaistos the Swashbuckler (Spriggan Berserker)    Turns: 2594, Time: 00:07:53

Health: -3/70      AC: 14    Str: 13    XL:     12   Next: 66%
Magic:  8/8        EV: 19    Int: 12    God:    Trog [******]
Gold:   1136       SH:  4    Dex: 20    Spells: 11/11 levels left

rFire    + . .     SeeInvis +   w - +4 quick blade (antimagic)
rCold    + . .     Gourm    .   (shield restricted)
rNeg     + . .     Faith    .   H - +0 shadow dragon scales
rPois    +         Spirit   .   G - -2 hat of the Alchemist {rElec rPois rF+ rC+ rN+ MR+ rMut rCorr}
rElec    +         Reflect  .   x - +1 cloak {+Inv}
rCorr    +         Harm     .   (gloves unavailable)
rMut     +         NoTele   +   (boots unavailable)
MR       +++..                  (no amulet)
Stlth    ++++++++..             p - +2 ring of protection
HPRegen  0.21/turn              o - +3 ring of intelligence
MPRegen  0.11/turn

@: berserk cooldown, very slightly contaminated, slowed, invisible, quick
A: very small, unfitting armour, large bone plates 1, see invisible, herbivore,
speed 3, screaming 1, slow metabolism 2
a: Berserk, Trog's Hand, Brothers in Arms, Renounce Religion


You were in the Dungeon.
You worshipped Trog.
Trog was exalted by your worship.
You were near starving.

You visited 1 branch You collected 1805 gold pieces.
You spent 669 gold pieces at shops.

Inventory:

Hand Weapons
 a - a +0 short sword
 m - a +2 rapier of distortion
 q - a +0 shortbow
 w - a +4 antimagic quick blade (weapon)
 A - a +1 short sword of draining
 F - a +3 quick blade
 K - a +3 short sword of speed
 L - a +7 vampiric dagger
 O - a +4 dagger of freezing
Missiles
 r - 159 arrows
Armour
 b - a +0 animal skin
 n - a +0 cloak
 t - the +0 troll leather armour "Xazenty" {+Inv rF- Regen+ SInv}
   (You found it in the Dungeon)

   It makes you vulnerable to fire.
   It lets you see invisible.
   It lets you turn invisible.
   It increases your rate of regeneration.
 x - a +1 cloak of invisibility (worn)
 y - a scarf of repulsion
 G - the -2 hat of the Alchemist (worn) {rElec rPois rF+ rC+ rN+ MR+ rMut rCorr}
   (You found it in the Dungeon)

   It protects you from fire.
   It protects you from cold.
   It insulates you from electricity.
   It protects you from poison.
   It protects you from negative energy.
   It affects your resistance to hostile enchantments.
   It protects you from acid and corrosion.
   It protects you from mutation.
 H - +0 shadow dragon scales (worn)
 M - a +0 buckler
Jewellery
 o - a +3 ring of intelligence (right hand)
 p - a +2 ring of protection (left hand)
 B - an uncursed ring of protection from cold
 C - an uncursed ring of poison resistance
 D - an uncursed ring of fire
 E - a +3 ring of intelligence
Wands
 l - a wand of iceblast (5)
Scrolls
 i - 2 scrolls of blinking
 k - 2 scrolls of remove curse
 u - 4 scrolls of fog
 v - 4 scrolls of identify
 z - 2 scrolls of enchant weapon
 J - 2 scrolls of enchant armour
Potions
 d - 6 potions of curing
 e - 7 potions of heal wounds
 f - 2 potions of haste
 g - 4 potions of magic
 h - 2 potions of berserk rage
 j - a potion of invisibility
 s - 2 potions of might
 I - a potion of brilliance
 N - a potion of degeneration {unknown}
Comestibles
 c - 7 rations


   Skills:
 + Level 11.7 Fighting
 + Level 18.1 Short Blades
 + Level 14.9 Bows
 + Level 4.6 Armour
 + Level 15.1 Dodging
 + Level 16.8 Stealth
 + Level 17.4 Evocations


You had 11 spell levels left.
You didn't know any spells.

Dungeon Overview and Level Annotations

Branches:
Dungeon (1/1)

Altars:
Cheibriados
Dithmenos
Elyvilon
Fedhas
Gozag
Hepliaklqana
Kikubaaqudgha
Makhleb
Nemelex Xobeh
Okawaru
Qazlal
Ru
Sif Muna
Trog
Uskayaw
Vehumet
Wu Jian
Xom
Yredelemnul
Zin
The Shining One
Beogh
Jiyva
Lugonu

Shops:
D }(?[


Innate Abilities, Weirdness & Mutations

You are very small and have problems with some larger weapons.
You are too small for most types of armour.
You have supernaturally acute eyesight. (SInv)
You are a herbivore.
You cover ground extremely quickly.
You need to consume almost no food.
You are partially covered in large bone plates. (SH +4)
You occasionally shout uncontrollably at your foes.


Message History

You strike the helpless black mamba from behind!
You stick the black mamba like a pincushion!!!
You kill the black mamba!
Trog accepts your kill.
The black mamba hisses angrily.
Unknown command.
You strike the helpless black mamba from behind!
You perforate the black mamba like a sieve!!!!
You kill the black mamba!
Trog accepts your kill. Something appears at your feet!
Trog grants you ammunition!
You see here a black mamba corpse.
You feel a strong urge to attack something.
You are no longer berserk.
You are exhausted.
You feel yourself slow down. The salamander misses you.
You hit the naga warrior but do no damage.
The naga warrior hits you with a scimitar!
You die...

▓▓▓▓▓▓▓▓▓▓▓▓▓▓▓▓▓▓▓▓
.........'().((†@NN+
▓▓▓▓▓▓▓▓▓▓▓▓▓▓▓▓▓▓▓▓▓▓▓▓▓▓▓▓▓♣♣♣♣
.................................
▓▓▓▓▓▓▓▓▓▓▓▓▓▓▓▓▓▓▓▓▓▓▓▓▓▓▓▓▓▓▓▓▓
.÷.'.....))))).().[[[[.[.[.......
▓▓▓▓▓▓▓▓▓▓▓▓▓▓▓▓▓▓▓▓▓▓▓▓▓▓▓▓▓▓▓▓▓
.......................).........
▓▓▓▓▓▓▓▓▓▓▓▓▓▓▓▓▓▓▓▓▓▓▓▓▓▓▓▓▓▓▓▓▓
.......)))..[))))))).')).))....()


You could see a naga warrior and a salamander.

Vanquished Creatures
  A nagaraja (D)
  3 stone giants (D)
  A great orb of eyes (D)
  A yaktaur captain (D)
  An ogre mage (D)
  Erolcha (D)
  A hydra (D)
  A centaur warrior (D)
  4 orc high priests (D)
  A shock serpent (D)
  A naga sharpshooter (D)
  Nergalle (D)
  An unseen horror (shapeshifter) (D)
  2 lindwurms (D)
  An ugly thing (D)
  A mana viper (D)
  2 orc knights (D)
  4 black mambas (D)
  A spiny frog (D)
  A komodo dragon (D)
  A rime drake (D)
  2 tengu conjurers (D)
  A hippogriff (D)
  A yak (D)
  2 porcupines (D)
  6 orc warriors (D)
  An ice beast (D)
  A centaur (D)
  A crocodile (D)
  3 bullfrogs (D)
  A scorpion (D)
  A wight (D)
  2 crimson imps (D)
  An orc priest (D)
  A jelly (D)
  6 orc wizards (D)
  A worker ant (D)
  2 oozes (D)
  An adder zombie (D)
  2 worms (D)
  2 leopard geckos (D)
  7 orcs (D)
  2 kobolds (D)
  A quokka (D)
  A frilled lizard (D)
  A quokka skeleton (D)
  A rat (D)
82 creatures vanquished.

Vanquished Creatures (collateral kills)
  2 orc high priests (D)
  A lindwurm (D)
  3 orc knights (D)
6 creatures vanquished.

Vanquished Creatures (others)
  A hydra (D)
  A manticore (D)
  A hippogriff (D)
  2 orc warriors (D)
  An ice beast (D)
  A worm (D)
7 creatures vanquished.

Grand Total: 95 creatures vanquished

Notes
Turn   | Place    | Note
-------+----------+-------------------------------------------
     0 | D        | Hephaistos the Spriggan Berserker began the quest for the Orb.
     0 | D        | Reached XP level 1. HP: 11/11 MP: 2/2
    15 | D        | Reached skill level 1 in Stealth
    17 | D        | Reached ** piety under Trog
    23 | D        | Reached skill level 4 in Short Blades
    23 | D        | Reached skill level 5 in Dodging
    25 | D        | Reached XP level 2. HP: 15/16 MP: 3/3
    42 | D        | Noticed a crimson imp
    46 | D        | Reached *** piety under Trog
    52 | D        | Reached skill level 5 in Short Blades
    75 | D        | Killed a crimson imp
    75 | D        | Reached skill level 6 in Short Blades
    75 | D        | Reached XP level 3. HP: 14/20 MP: 4/4
    79 | D        | Found a roughly hewn altar of Beogh.
    79 | D        | Found a snail-covered altar of Cheibriados.
    79 | D        | Found a shadowy altar of Dithmenos.
    79 | D        | Found a white marble altar of Elyvilon.
    79 | D        | Found a blossoming altar of Fedhas.
    79 | D        | Found an opulent altar of Gozag.
    80 | D        | Found a hazy altar of Hepliaklqana.
    81 | D        | Found a viscous altar of Jiyva.
    82 | D        | Found an ancient bone altar of Kikubaaqudgha.
    83 | D        | Found a corrupted altar of Lugonu.
    84 | D        | Found a burning altar of Makhleb.
    85 | D        | Found a sparkling altar of Nemelex Xobeh.
    86 | D        | Found an iron altar of Okawaru.
    87 | D        | Found a stormy altar of Qazlal.
    88 | D        | Found a sacrificial altar of Ru.
    89 | D        | Found a deep blue altar of Sif Muna.
    90 | D        | Found a bloodstained altar of Trog.
    91 | D        | Found a hide-covered altar of Uskayaw.
    92 | D        | Found a radiant altar of Vehumet.
    93 | D        | Found an ornate altar of the Wu Jian Council.
    94 | D        | Found a shimmering altar of Xom.
    95 | D        | Found a basalt altar of Yredelemnul.
    96 | D        | Found a glowing silver altar of Zin.
    97 | D        | Found a glowing golden altar of the Shining One.
   186 | D        | Noticed an ice beast
   186 | D        | Noticed an ice beast
   186 | D        | Noticed a centaur
   186 | D        | Noticed a scorpion
   186 | D        | Noticed a bullfrog
   197 | D        | Killed an ice beast
   197 | D        | Reached **** piety under Trog
   197 | D        | Reached skill level 8 in Short Blades
   197 | D        | Reached skill level 5 in Stealth
   197 | D        | Reached XP level 4. HP: 21/26 MP: 5/5
   197 | D        | Reached XP level 5. HP: 25/30 MP: 6/6
   197 | D        | Killed an ice beast
   197 | D        | Reached skill level 5 in Fighting
   197 | D        | Reached skill level 9 in Short Blades
   200 | D        | Killed a centaur
   200 | D        | Reached skill level 10 in Short Blades
   200 | D        | Reached XP level 6. HP: 29/35 MP: 7/7
   202 | D        | Reached skill level 11 in Short Blades
   333 | D        | Noticed a wraith
   333 | D        | Noticed a two-headed ogre
   333 | D        | Noticed a manticore
   335 | D        | Reached ***** piety under Trog
   352 | D        | Banished a manticore
   352 | D        | Reached skill level 12 in Short Blades
   352 | D        | Reached XP level 7. HP: 38/41 MP: 8/8
   362 | D        | Reached skill level 13 in Short Blades
   470 | D        | Got the cursed +0 troll leather armour "Xazenty" {+Inv rF- Regen+ SInv}
   492 | D        | Noticed an eight-headed hydra
   492 | D        | Noticed a hippogriff
   493 | D        | Noticed a hippogriff
   499 | D        | Reached skill level 10 in Dodging
   503 | D        | Reached skill level 5 in Bows
   506 | D        | Noticed a blink frog
   508 | D        | Noticed a spiny frog
   509 | D        | Reached XP level 8. HP: 46/46 MP: 9/9
   518 | D        | Killed a spiny frog
   522 | D        | Banished a hippogriff
   522 | D        | Reached skill level 14 in Short Blades
   585 | D        | Noticed a black mamba
   585 | D        | Noticed a rime drake
   586 | D        | Noticed a hippogriff
   587 | D        | Killed a black mamba
   587 | D        | Reached skill level 10 in Stealth
   588 | D        | Noticed a five-headed hydra
   592 | D        | Noticed a komodo dragon
   597 | D        | Killed a rime drake
   597 | D        | Received a gift from Trog
   597 | D        | Reached XP level 9. HP: 43/51 MP: 10/10
   606 | D        | Received a gift from Trog
   613 | D        | Reached skill level 15 in Short Blades
   618 | D        | Banished a five-headed hydra
   618 | D        | Reached skill level 1 in Armour
   623 | D        | Killed a komodo dragon
   668 | D        | Noticed a lindwurm
   668 | D        | Noticed a lindwurm
   668 | D        | Noticed a tyrant leech
   669 | D        | Noticed a lindwurm
   672 | D        | Killed a lindwurm
   672 | D        | Reached skill level 16 in Short Blades
   685 | D        | Killed a lindwurm
   685 | D        | Reached skill level 10 in Bows
   685 | D        | Reached XP level 10. HP: 15/58 MP: 11/11
   715 | D        | Killed a lindwurm
   715 | D        | Received a gift from Trog
   833 | D        | Noticed Maurice
   842 | D        | Banished Maurice
   857 | D        | Noticed Erolcha
   864 | D        | Killed Erolcha
   902 | D        | Reached ****** piety under Trog
   915 | D        | Received a gift from Trog
   927 | D        | Received a gift from Trog
   934 | D        | Received a gift from Trog
   972 | D        | Noticed an orc high priest
   972 | D        | Noticed an orc knight
   983 | D        | Killed an orc high priest
   983 | D        | Reached skill level 17 in Short Blades
   991 | D        | Received a gift from Trog
  1016 | D        | Reached skill level 10 in Fighting
  1025 | D        | Received a gift from Trog
  1076 | D        | Found Goxobic's Gadget Emporium.
  1076 | D        | Noticed an orc knight
  1076 | D        | Noticed an orc high priest
  1076 | D        | Noticed an orc high priest
  1076 | D        | Noticed an orc high priest
  1076 | D        | Noticed an orc knight
  1081 | D        | Noticed an orc knight
  1083 | D        | Noticed an orc knight
  1083 | D        | Found Ufimuk's Antique Weapon Shoppe.
  1092 | D        | Killed an orc high priest
  1095 | D        | Killed an orc high priest
  1095 | D        | Reached XP level 11. HP: 63/63 MP: 12/12
  1096 | D        | Noticed an orc high priest
  1099 | D        | Found Kujamp's Magic Scroll Emporium.
  1099 | D        | Noticed an orc high priest
  1103 | D        | Noticed an orc knight
  1112 | D        | Killed an orc knight
  1114 | D        | Killed an orc high priest
  1115 | D        | Killed an orc high priest
  1115 | D        | Reached skill level 15 in Stealth
  1117 | D        | Killed an orc knight
  1121 | D        | Noticed an orc knight
  1122 | D        | Killed an orc knight
  1122 | D        | Received a gift from Trog
  1124 | D        | Noticed an orc knight
  1149 | D        | Killed an orc knight
  1232 | D        | Found Qesint's Armour Shoppe.
  1238 | D        | Noticed an orc high priest
  1248 | D        | Noticed a sun demon
  1358 | D        | Killed an orc high priest
  1424 | D        | Bought a +1 cloak of invisibility for 231 gold pieces
  1424 | D        | Bought a scarf of repulsion for 168 gold pieces
  1426 | D        | Bought a scroll of enchant weapon for 75 gold pieces
  1426 | D        | Bought a scroll of enchant weapon for 75 gold pieces
  1432 | D        | Bought a runed short sword for 120 gold pieces
  1608 | D        | Found the -2 hat of the Alchemist {rElec rPois rF+ rC+ rN+ MR+ rMut rCorr}
  1648 | D        | Gained mutation: You occasionally shout uncontrollably at your foes. [potion of mutation]
  1648 | D        | Gained mutation: You are partially covered in large bone plates. (SH +4) [potion of mutation]
  1656 | D        | Noticed a centaur warrior
  1656 | D        | Noticed a four-headed hydra
  1669 | D        | Killed a centaur warrior
  1679 | D        | Killed a four-headed hydra
  1680 | D        | Noticed an unseen horror
  1683 | D        | Received a gift from Trog
  1684 | D        | Noticed a stone giant
  1692 | D        | Noticed an ogre mage
  1697 | D        | Noticed a stone giant
  1697 | D        | Received a gift from Trog
  1697 | D        | Reached skill level 10 in Evocations
  1700 | D        | Noticed a great orb of eyes
  1703 | D        | Noticed a white ugly thing
  1708 | D        | Killed an unseen horror
  1718 | D        | Killed a stone giant
  1719 | D        | Noticed a stone giant
  1720 | D        | Noticed a yaktaur captain
  1732 | D        | Killed a stone giant
  1738 | D        | Killed an ogre mage
  1738 | D        | Received a gift from Trog
  1738 | D        | Reached skill level 15 in Evocations
  1738 | D        | Reached XP level 12. HP: 33/69 MP: 5/24
  1971 | D        | Killed a great orb of eyes
  2030 | D        | Killed a stone giant
  2030 | D        | Received a gift from Trog
  2030 | D        | Reached skill level 15 in Dodging
  2035 | D        | Killed a yaktaur captain
  2121 | D        | Noticed Nergalle
  2148 | D        | Killed Nergalle
  2536 | D        | Noticed a nagaraja
  2559 | D        | Killed a nagaraja
  2559 | D        | Reached skill level 18 in Short Blades
  2567 | D        | Noticed a naga warrior
  2574 | D        | Received a gift from Trog
  2577 | D        | Received a gift from Trog
  2587 | D        | Received a gift from Trog
  2591 | D        | Received a gift from Trog
  2594 | D        | Slain by a naga warrior

Vault maps used:
D:        linesprint

Skill      XL: |  1  2  3  4  5  6  7  8  9 10 11 12 |
---------------+-------------------------------------+-----
Stealth        | 2 3 5 7 9 10 12 14 15 16 | 16.8
Short Blades   | 4 6 8 10 12 13 14 16 17 18 | 18.1
Dodging        | 5 6 8 9 10 11 12 14 15 | 15.1
Fighting       | 3 4 5 6 7 8 9 10 11 | 11.7
Bows           | 4 5 7 10 12 13 14 | 14.9
Armour         | 1 2 3 4 |  4.6
Evocations     | 15 17 | 17.4

Action                   |  1- 3 |  4- 6 |  7- 9 | 10-12 || total
-------------------------+-------+-------+-------+-------++-------
Melee: Short sword       |    49 |       |       |    20 ||    69
       Rapier            |     9 |    23 |    66 |   124 ||   222
       Quick blade       |       |       |       |   244 ||   244
 Fire: Shortbow          |       |       |       |    48 ||    48
Invok: Berserk           |     1 |     1 |     2 |     5 ||     9
       Brothers in Arms  |       |       |     1 |     2 ||     3
       Trog's Hand       |       |       |       |     1 ||     1
 Abil: Evoke Invisibilit |       |       |       |     3 ||     3
Evoke: Wand              |       |       |       |     5 ||     5
  Use: Scroll            |       |       |       |     1 ||     1
       Potion            |       |       |       |     1 ||     1
 Stab: Sleeping          |     2 |     1 |     3 |     3 ||     9
       Invisible         |       |       |       |     8 ||     8
       Distracted        |       |       |       |     2 ||     2
  Eat: Ration            |       |       |       |     5 ||     5
Armor: Animal skin       |     2 |     2 |       |       ||     4
       Troll leather arm |       |       |     5 |     5 ||    10
       Shadow dragon sca |       |       |       |    20 ||    20
Dodge: Dodged            |    36 |    10 |    40 |   102 ||   188
Block: Other             |       |       |       |    13 ||    13

Table legend:
 A = Spawn XP
 B = Non-spawn XP
 C = Spawn XP percentage of total XP
 D = Spawn monster count
 E = Non-spawn monster count
 F = Spawn count percentage of total count
 G = Total turns spent on level
                    A         B        C        D         E        F      G
               +---------+---------+-------+---------+---------+-------+---------
         Total |       0 |   32589 |   0.0 |       0 |      96 |   0.0 |  2594
               +---------+---------+-------+---------+---------+-------+---------
             D |       0 |   32589 |   0.0 |       0 |      96 |   0.0 |  2594
               +---------+---------+-------+---------+---------+-------+---------
